 Dungeon Crawl Stone Soup version 0.23.2-1-ga50397a6bc (webtiles) character file.

Game seed: 6995593915021651283

13196 PgLoLo the Summoner (level 12, -2/89 HPs)
             Began as a Gnoll Summoner on Apr 19, 2019.
             Was an Elder of Cheibriados.
             Slain by an elephant (17 damage)
             ... on level 2 of the Lair of Beasts on Apr 20, 2019.
             The game lasted 01:06:06 (17425 turns).

PgLoLo the Summoner (Gnoll Summoner)               Turns: 17425, Time: 01:06:07

Health: -2/89      AC: 12    Str: 20    XL:     12   Next: 3%
Magic:  21/34      EV: 19    Int: 37    God:    Cheibriados [****..]
Gold:   814        SH:  0    Dex: 24    Spells: 7/28 levels left

rFire    + . .     SeeInvis .   a - +1 scythe
rCold    . . .     Gourm    .   (shield currently unavailable)
rNeg     + . .     Faith    .   n - +2 leather armour {rF+}
rPois    .         Spirit   .   P - +3 hat of Pondering {ponderous, MR+ MP+10 Int+5}
rElec    .         Reflect  .   o - +0 cloak
rCorr    .         Harm     .   u - +0 pair of gloves
MR       ++...                  T - +0 pair of boots
Stlth    ++++......             J - amulet of magic regeneration
HPRegen  0.24/turn              x - ring of positive energy
MPRegen  0.49/turn              F - ring of protection from magic

@: very slow
A: distributed training, fangs 1, strong nose
a: Bend Time, Temporal Distortion, Slouch, Renounce Religion


You were on level 2 of the Lair of Beasts.
You worshipped Cheibriados.
Cheibriados was greatly pleased with you.
You were hungry.

You visited 3 branches of the dungeon, and saw 13 of its levels.

You collected 814 gold pieces.

Inventory:

Hand Weapons
 a - a +1 scythe (weapon)
 b - a +0 hunting sling
Missiles
 g - 432 stones
 v - 3 exploding tomahawks (quivered)
Armour
 n - a +2 leather armour of fire resistance (worn)
 o - a +0 cloak (worn)
 u - a +0 pair of gloves (worn)
 P - the +3 hat of Pondering (worn) {ponderous, MR+ MP+10 Int+5}
   (You took it off Gastronok on level 8 of the Dungeon)

   It affects your intelligence (+5).
   It affects your resistance to hostile enchantments.
   It affects your magic capacity (+10).
 T - a +0 pair of boots (worn)
 X - a +0 buckler
Magical Staves
 U - an uncursed staff of poison
Jewellery
 x - a ring of positive energy (left hand)
 F - a ring of protection from magic (right hand)
 J - an amulet of magic regeneration (around neck)
Wands
 f - a wand of iceblast (11)
 H - a wand of disintegration (10)
 N - a wand of paralysis (6)
Scrolls
 d - 6 scrolls of teleportation
 e - 2 scrolls of identify
 h - 2 scrolls of fear
 i - 3 scrolls of enchant armour {unknown}
 k - 3 scrolls of remove curse
 K - a scroll of magic mapping
 V - a scroll of holy word
Potions
 m - 3 potions of agility
 p - a potion of ambrosia
 q - 3 potions of cancellation
 r - 6 potions of curing
 s - a potion of might
 t - 6 potions of degeneration
 A - a potion of magic
 C - a potion of heal wounds
 D - 3 potions of flight
 E - a potion of lignification
 Y - a potion of brilliance {unknown}
Comestibles
 c - 18 rations


   Skills:
 + Level 6.7 Fighting
 + Level 6.7 Short Blades
 + Level 6.7 Long Blades
 + Level 6.7 Axes
 + Level 6.7 Maces & Flails
 + Level 6.7 Polearms
 + Level 6.7 Staves
 + Level 6.7 Slings
 + Level 6.7 Bows
 + Level 6.7 Crossbows
 + Level 6.7 Throwing
 + Level 6.7 Armour
 + Level 8.2 Dodging
 + Level 8.0 Stealth
 + Level 6.7 Shields
 + Level 6.7 Unarmed Combat
 + Level 8.5 Spellcasting
 + Level 5.6 Conjurations
 + Level 5.6 Hexes
 + Level 5.6 Charms
 + Level 9.1 Summonings
 + Level 5.6 Necromancy
 + Level 5.6 Translocations
 + Level 5.6 Transmutations
 + Level 5.6 Fire Magic
 + Level 5.6 Ice Magic
 + Level 5.6 Air Magic
 + Level 5.6 Earth Magic
 + Level 5.6 Poison Magic
 + Level 7.4 Invocations
 + Level 6.7 Evocations


You had 7 spell levels left.
You knew the following spells:

 Your Spells              Type           Power        Failure   Level  Hunger
b - Conjure Flame         Conj/Fire      ######..     1%          3    None
c - Call Canine Familiar  Summ           ######..     1%          3    None
d - Summon Lightning Spi  Summ/Air       ######..     1%          4    None
e - Summon Ice Beast      Ice/Summ       ######..     1%          4    None
f - Borgnjor's Vile Clut  Necr/Erth      ######....   9%          5    ###....
s - Call Imp              Summ           ######..     1%          2    None

Your spell library contained the following spells:

 Spells                   Type           Power        Failure   Level  Hunger
 Animate Skeleton         Necr           N/A          1%          1    None
 Apportation              Tloc           ######       1%          1    None
 Confusing Touch          Hex            ######       1%          1    None
 Summon Small Mammal      Summ           ####         1%          1    None
 Poisonous Vapours        Pois/Air       ######       1%          2    None
 Mephitic Cloud           Conj/Pois/Air  ######..     1%          3    None
 Summon Guardian Golem    Hex/Summ       ######..     1%          3    None
 Vampiric Draining        Necr           ######....   1%          3    None
 Bolt of Fire             Conj/Fire      ######....   41%         6    #####..
 Freezing Cloud           Conj/Ice/Air   ######....   41%         6    #####..
 Ring of Flames           Chrm/Fire      ######....   94%         7    ######.


Dungeon Overview and Level Annotations

Branches:
Dungeon (10/15)            Temple (1/1) D:4            Lair (2/6) D:10
    Orc (0/2) D:9
  Swamp: Lair:2-4    Shoals: Lair:2-4     Snake: Lair:2-4    Spider: Lair:2-4

Altars:
Ashenzari
Cheibriados
Dithmenos
Elyvilon
Fedhas
Gozag
Hepliaklqana
Kikubaaqudgha
Makhleb
Nemelex Xobeh
Okawaru
Qazlal
Ru
Sif Muna
Trog
Uskayaw
Vehumet
Wu Jian
Xom
Yredelemnul
Zin
The Shining One

Shops:
D:4 (

Annotations:
D:10 3 runed translucent doors, kevinv12000's ghost, journeyman HuFi
Lair:1 1 runed translucent door


Innate Abilities, Weirdness & Mutations

Your experience applies equally to all skills.
You have very sharp teeth.
Your uncanny sense of smell can sniff out nearby items.


Message History

* * * LOW HITPOINT WARNING * * *
You feel much better. The blink frog misses you.
Your surroundings seem slightly different.
The blink frog blinks!
The blink frog hits you!
* * * LOW HITPOINT WARNING * * *
The blink frog closely misses you. The blink frog hits you.
* * * LOW HITPOINT WARNING * * *
The blink frog misses you. The blink frog hits your ice beast!!
Found a metal-bound book.
Found a stone staircase leading up.
Something hits your ice beast!
The elephant tramples your lightning spire.
The elephant trunk-slaps your lightning spire but does no damage.
Your lightning spire shoots out a bolt of lightning at the blink frog!
The bolt of electricity hits the blink frog!
The blink frog misses you. The blink frog completely misses you.
Your lightning spire shoots out a bolt of lightning at the blink frog!
The bolt of electricity hits the blink frog!!
The bolt of electricity hits the blink frog! x2
The elephant tramples you!
You die...

.######F#....######..#
.#.##.#...P.#.#....... #
.#....Y..........##.# ##:
#..P#......P....##.##
#.P..#..#..Y.#####.##...#
<....#.P..8.>#######.###.
................###.## #.
#..FFFY.$..ยง.....# #.
#.#.#@Y....##.PP.####. #
#...Y..#.##P###..#..
#.##..###### #.#.... #.
##.P# ##.###. .. ...# ###
#. ##. ##..# #. .. #.##
#. .....#..## #. ..
.......)..### #.


You could see 4 elephants, 3 blink frogs, a friendly ice beast and a friendly
lightning spire.

Vanquished Creatures
  Harold (D:7)
  A two-headed ogre (D:7)
  2 elephants (Lair:2)
  A rime drake (Lair:1)
  A polar bear (Lair:1)
  A blink frog (Lair:2)
  2 hippogriffs
  A slime creature (D:7)
  2 wyverns
  A yak (D:7)
  A hungry ghost (D:10)
  Grum (D:9)
  2 water moccasins
  2 porcupines (Lair:1)
  An ice beast (D:10)
  A sky beast (D:8)
  3 orc warriors
  2 ogres
  A wolf (D:9)
  A centaur (D:7)
  2 crocodiles (Lair:1)
  6 bullfrogs
  2 scorpions
  A crimson imp (D:7)
  A quasit (D:9)
  Crazy Yiuf (D:2)
  3 orc wizards
  2 orc priests
  A centaur skeleton (D:9)
  4 hounds
  5 iguanas
  An iron imp (D:9)
  A bullfrog skeleton (D:7)
  3 worker ants
  3 gnolls (D:8)
  6 adders
  A shadow imp (D:7)
  An ooze (D:1)
  A worm (D:4)
  3 leopard geckos
  22 orcs
  6 bats
  3 giant cockroaches
  6 goblins
  5 hobgoblins
  4 jackals
  2 quokkas
  4 ball pythons
  4 frilled lizards
  4 kobolds
  8 rats
144 creatures vanquished.

Vanquished Creatures (collateral kills)
  Gastronok (D:8)
  2 two-headed ogres
  A manticore (D:8)
  5 spiny frogs
  3 komodo dragons
  A hippogriff (D:7)
  9 blink frogs
  6 yaks (D:9)
  A basilisk (Lair:2)
  A steam dragon (D:9)
  Menkaure (D:7)
  A warg (D:9)
  A soldier ant (D:10)
  A water moccasin (Lair:2)
  5 porcupines
  5 orc warriors
  4 phantoms
  An ice beast (D:10)
  A sky beast (D:7)
  3 wolves (D:9)
  2 ogres
  3 centaurs
  7 crocodiles
  A big kobold (D:7)
  8 bullfrogs
  3 scorpions
  5 killer bees (D:7)
  5 howler monkeys
  3 crimson imps
  7 hounds
  4 orc priests
  7 orc wizards
  A bullfrog skeleton (D:6)
  Terence (D:2)
  4 iguanas
  Natasha (thrice) (D:3)
  6 worker ants
  2 hound skeletons
  A worker ant zombie (D:7)
  3 gnolls
  6 adders
  2 shadow imps
  5 worms
  36 orcs
  2 giant cockroaches
  3 goblins
  6 hobgoblins
  3 jackals (D:10)
  7 kobolds
  A quokka (D:3)
  2 bats
  2 frilled lizards
  A giant cockroach zombie (D:5)
  A jackal skeleton (D:5)
  A leopard gecko skeleton (D:5)
  A rat (D:2)
  A butterfly (Lair:2)
  A fungus (Lair:2)
210 creatures vanquished.

Vanquished Creatures (others)
  13 fungi
  3 plants
  6 toadstools (Lair:1)
22 creatures vanquished.

Grand Total: 376 creatures vanquished

Notes
Turn   | Place    | Note
-------+----------+-------------------------------------------
     0 | D:1      | PgLoLo the Gnoll Summoner began the quest for the Orb.
     0 | D:1      | Reached XP level 1. HP: 13/13 MP: 6/6
   196 | D:1      | Reached XP level 2. HP: 15/19 MP: 7/7
   312 | D:1      | Learned a level 2 spell: Call Imp
   863 | D:1      | Reached XP level 3. HP: 25/25 MP: 9/9
   868 | D:1      | Learned a level 3 spell: Call Canine Familiar
   918 | D:1      | Reached skill level 5 in Spellcasting
  1695 | D:2      | Noticed Terence
  1714 | D:2      | Killed Terence
  1714 | D:2      | Reached skill level 1 in Invocations
  1905 | D:2      | Found a runed translucent door.
  1906 | D:2      | Noticed Crazy Yiuf
  1976 | D:2      | Killed Crazy Yiuf
  1976 | D:2      | Reached skill level 1 in Fighting
  1976 | D:2      | Reached skill level 1 in Short Blades
  1976 | D:2      | Reached skill level 1 in Long Blades
  1976 | D:2      | Reached skill level 1 in Axes
  1976 | D:2      | Reached skill level 1 in Maces & Flails
  1976 | D:2      | Reached skill level 1 in Polearms
  1976 | D:2      | Reached skill level 1 in Staves
  1976 | D:2      | Reached skill level 1 in Slings
  1976 | D:2      | Reached skill level 1 in Bows
  1976 | D:2      | Reached skill level 1 in Crossbows
  1976 | D:2      | Reached skill level 1 in Throwing
  1976 | D:2      | Reached skill level 1 in Armour
  1976 | D:2      | Reached skill level 1 in Shields
  1976 | D:2      | Reached skill level 1 in Unarmed Combat
  1976 | D:2      | Reached skill level 1 in Evocations
  1976 | D:2      | Reached XP level 4. HP: 24/32 MP: 1/11
  2189 | D:2      | Found a glowing golden altar of the Shining One.
  2384 | D:3      | Noticed Natasha
  2395 | D:3      | Killed Natasha
  2406 | D:3      | Noticed Natasha
  2414 | D:3      | Killed Natasha
  2414 | D:3      | Reached skill level 1 in Conjurations
  2414 | D:3      | Reached skill level 1 in Hexes
  2414 | D:3      | Reached skill level 1 in Charms
  2414 | D:3      | Reached skill level 1 in Necromancy
  2414 | D:3      | Reached skill level 1 in Translocations
  2414 | D:3      | Reached skill level 1 in Transmutations
  2414 | D:3      | Reached skill level 1 in Fire Magic
  2414 | D:3      | Reached skill level 1 in Ice Magic
  2414 | D:3      | Reached skill level 1 in Air Magic
  2414 | D:3      | Reached skill level 1 in Earth Magic
  2414 | D:3      | Reached skill level 1 in Poison Magic
  2586 | D:3      | Reached XP level 5. HP: 35/37 MP: 12/12
  2592 | D:3      | Learned a level 4 spell: Summon Lightning Spire
  2597 | D:3      | Learned a level 4 spell: Summon Ice Beast
  2766 | D:3      | Found a radiant altar of Vehumet.
  2866 | D:3      | Noticed Natasha
  2880 | D:3      | Killed Natasha
  3725 | D:4      | Noticed an ogre
  3731 | D:4      | Killed an ogre
  3740 | D:4      | Reached XP level 6. HP: 44/44 MP: 4/13
  3842 | D:4      | Noticed a phantom
  3858 | D:4      | Killed a phantom
  3858 | D:4      | Reached skill level 5 in Dodging
  4169 | D:4      | Found a staircase to the Ecumenical Temple.
  4192 | Temple   | Entered the Ecumenical Temple
  4312 | D:4      | Found Cufromp's Antique Weapon Boutique.
  4655 | D:4      | Found a deep blue altar of Sif Muna.
  4661 | D:4      | Found a transporter.
  4675 | D:4      | Found a transporter.
  5027 | D:5      | Entered Level 5 of the Dungeon
  5063 | D:5      | Reached XP level 7. HP: 49/50 MP: 8/15
  6771 | D:6      | Learned a level 3 spell: Conjure Flame
  6783 | D:6      | Found an iron altar of Okawaru.
  7177 | D:6      | Reached skill level 5 in Stealth
  7290 | D:6      | Found an iron altar of Okawaru.
  7290 | D:6      | Found a bloodstained altar of Trog.
  7584 | D:6      | Reached XP level 8. HP: 38/57 MP: 7/16
  7742 | D:6      | Found a basalt altar of Yredelemnul.
  8069 | D:7      | Noticed Harold
  8499 | D:7      | Identified Torruof's Catalogue of Hurtful Evil Arts
  8858 | D:7      | Killed Harold
  9253 | D:7      | Reached XP level 9. HP: 28/65 MP: 16/18
  9639 | D:7      | Noticed Menkaure
  9650 | D:7      | Killed Menkaure
  9821 | D:7      | Noticed a two-headed ogre
  9869 | D:7      | Killed a two-headed ogre
  9869 | D:7      | Reached skill level 8 in Summonings
 10471 | D:7      | Reached skill level 5 in Invocations
 10599 | D:8      | Noticed Gastronok
 10634 | D:8      | Killed Gastronok
 10634 | D:8      | Reached skill level 5 in Fighting
 10634 | D:8      | Reached skill level 5 in Short Blades
 10634 | D:8      | Reached skill level 5 in Long Blades
 10634 | D:8      | Reached skill level 5 in Axes
 10634 | D:8      | Reached skill level 5 in Maces & Flails
 10634 | D:8      | Reached skill level 5 in Polearms
 10634 | D:8      | Reached skill level 5 in Staves
 10634 | D:8      | Reached skill level 5 in Slings
 10634 | D:8      | Reached skill level 5 in Bows
 10634 | D:8      | Reached skill level 5 in Crossbows
 10634 | D:8      | Reached skill level 5 in Throwing
 10634 | D:8      | Reached skill level 5 in Armour
 10634 | D:8      | Reached skill level 5 in Shields
 10634 | D:8      | Reached skill level 5 in Unarmed Combat
 10634 | D:8      | Reached skill level 5 in Evocations
 10634 | D:8      | Reached XP level 10. HP: 55/74 MP: 16/20
 11012 | D:8      | Noticed a two-headed ogre
 11022 | D:8      | Killed a two-headed ogre
 11064 | D:8      | Noticed a manticore
 11071 | D:8      | Killed a manticore
 11130 | D:8      | Learned a level 5 spell: Borgnjor's Vile Clutch
 11532 | D:8      | Found an opulent altar of Gozag.
 12007 | D:9      | Found a staircase to the Orcish Mines.
 12207 | D:9      | Noticed a two-headed ogre
 12221 | D:9      | Killed a two-headed ogre
 12541 | D:9      | Noticed Grum
 12547 | D:9      | Found a shadowy altar of Dithmenos.
 12551 | D:9      | Killed Grum
 12607 | D:9      | Reached XP level 11. HP: 72/81 MP: 22/22
 12708 | D:9      | Found a snail-covered altar of Cheibriados.
 12747 | D:9      | Became a worshipper of Cheibriados the Contemplative
 13057 | D:9      | Found an ancient bone altar of Kikubaaqudgha.
 13169 | D:10     | Entered Level 10 of the Dungeon
 13221 | D:10     | Found a runed translucent gate.
 13222 | D:10     | Found a runed translucent gate.
 13312 | D:10     | Found a runed translucent gate.
 13313 | D:10     | Noticed kevinv12000's ghost (journeyman HuFi)
 14096 | D:10     | Reached * piety under Cheibriados
 14391 | D:10     | Found a staircase to the Lair.
 14417 | D:10     | Reached skill level 5 in Conjurations
 14417 | D:10     | Reached skill level 5 in Hexes
 14417 | D:10     | Reached skill level 5 in Charms
 14417 | D:10     | Reached skill level 5 in Necromancy
 14417 | D:10     | Reached skill level 5 in Translocations
 14417 | D:10     | Reached skill level 5 in Transmutations
 14417 | D:10     | Reached skill level 5 in Fire Magic
 14417 | D:10     | Reached skill level 5 in Ice Magic
 14417 | D:10     | Reached skill level 5 in Air Magic
 14417 | D:10     | Reached skill level 5 in Earth Magic
 14417 | D:10     | Reached skill level 5 in Poison Magic
 14662 | D:10     | Reached ** piety under Cheibriados
 14823 | Lair:1   | Entered Level 1 of the Lair of Beasts
 15520 | Lair:1   | Reached *** piety under Cheibriados
 15587 | Lair:1   | Reached skill level 9 in Summonings
 15987 | Lair:1   | Noticed a catoblepas
 15987 | Lair:1   | Noticed a catoblepas
 16009 | Lair:1   | Found a runed translucent door.
 17411 | Lair:2   | Reached **** piety under Cheibriados
 17415 | Lair:2   | Reached XP level 12. HP: 71/89 MP: 17/24
 17425 | Lair:2   | Slain by an elephant

Skill      XL: |  1  2  3  4  5  6  7  8  9 10 11 |
---------------+----------------------------------+-----
Spellcasting   | 5 6 7 8 |  8.5
Invocations    | 1 2 3 4 5 6 7 |  7.4
Fighting       | 1 2 3 5 6 |  6.7
Short Blades   | 1 2 3 5 6 |  6.7
Long Blades    | 1 2 3 5 6 |  6.7
Axes           | 1 2 3 5 6 |  6.7
Maces & Flails | 1 2 3 5 6 |  6.7
Polearms       | 1 2 3 5 6 |  6.7
Staves         | 1 2 3 5 6 |  6.7
Slings         | 1 2 3 5 6 |  6.7
Bows           | 1 2 3 5 6 |  6.7
Crossbows      | 1 2 3 5 6 |  6.7
Throwing       | 1 2 3 5 6 |  6.7
Armour         | 1 2 3 5 6 |  6.7
Shields        | 1 2 3 5 6 |  6.7
Unarmed Combat | 1 2 3 5 6 |  6.7
Evocations     | 1 2 3 5 6 |  6.7
Conjurations   | 1 2 3 4 5 |  5.6
Hexes          | 1 2 3 4 5 |  5.6
Charms         | 1 2 3 4 5 |  5.6
Necromancy     | 1 2 3 4 5 |  5.6
Translocations | 1 2 3 4 5 |  5.6
Transmutations | 1 2 3 4 5 |  5.6
Fire Magic     | 1 2 3 4 5 |  5.6
Ice Magic      | 1 2 3 4 5 |  5.6
Air Magic      | 1 2 3 4 5 |  5.6
Earth Magic    | 1 2 3 4 5 |  5.6
Poison Magic   | 1 2 3 4 5 |  5.6
Dodging        | 5 6 7 8 |  8.2
Stealth        | 5 6 7 8 |  8.0
Summonings     | 8 9 |  9.1

Action                   |  1- 3 |  4- 6 |  7- 9 | 10-12 || total
-------------------------+-------+-------+-------+-------++-------
Melee: Hand axe          |    16 |       |    10 |       ||    26
       Bite              |     7 |     9 |    19 |    22 ||    57
       Unarmed           |     2 |       |       |       ||     2
       Spear             |    56 |   194 |   160 |       ||   410
       Trident           |       |       |     6 |       ||     6
       Punch             |       |       |     3 |       ||     3
       Scythe            |       |       |   131 |   291 ||   422
 Fire: Hunting sling     |     1 |       |       |       ||     1
 Cast: Summon Small Mamm |     5 |       |       |       ||     5
       Call Imp          |    18 |    19 |    22 |     2 ||    61
       Call Canine Famil |     3 |    11 |    22 |    22 ||    58
       Summon Lightning  |       |       |    16 |    34 ||    50
       Summon Ice Beast  |       |       |     2 |    31 ||    33
       Conjure Flame     |       |       |     8 |    11 ||    19
       Borgnjor's Vile C |       |       |       |     2 ||     2
  Use: Scroll            |       |     1 |     5 |    19 ||    25
       Potion            |       |       |       |     2 ||     2
 Stab: Sleeping          |     4 |    14 |    10 |     5 ||    33
       Distracted        |     1 |     1 |     3 |     4 ||     9
  Eat: Chunk             |     3 |    10 |    19 |    16 ||    48
       Ration            |       |       |     1 |     1 ||     2
Armor: Robe              |    14 |    26 |    54 |    54 ||   148
       Skin              |       |       |     3 |       ||     3
       Leather armour    |       |       |       |    24 ||    24
Dodge: Dodged            |    36 |    97 |   212 |   366 ||   711
Block: Other             |       |       |     6 |       ||     6
